| TOP OF THE 1ST |
|
Spokane Indians batting - Pitching for Phoenix Giants : RHP Phil Huffman
|
|
Pitching: RHP Phil Huffman
|
|
|
Batting: SHB Jose Oquendo
|
0-0: Ball 1-0: Ground out 4-3 (Groundball, 4, EV 108.1 MPH)
|
|
Batting: LHB Stu Pederson
|
0-0: Foul Ball, location: 2F 0-1: Ball 1-1: Called Strike 1-2: SINGLE (Groundball, 6MD, EV 107.5 MPH)
|
|
Batting: RHB Tom Watkins
|
0-0: Ball 1-0: Ball 2-0: Called Strike 2-1: Ball 3-1: Base on Balls Stu Pederson to second
|
|
Batting: SHB Mark Gillaspie
|
0-0: Foul Ball, location: 2F 0-1: SINGLE (Groundball, 4MD, EV 96.9 MPH) Stu Pederson to third Tom Watkins to second
|
|
Batting: LHB Dave Stockstill
|
0-0: Foul Ball, location: 2F 0-1: Foul Ball, location: 2F 0-2: Foul Ball, location: 2F 0-2: Fly out, F7 (Flyball, 78D, EV 99.4 MPH) Runner from 3rd tags up, SCORES, throw by LF Tom Watkins to third
|
|
Batting: RHB Craig Landis
|
0-0: Fielders Choice at 2nd, 6-4 (Groundball, 6, EV 93.8 MPH)
|
| Top of the 1st over - 1 run, 2 hits, 0 errors, 2 left on base; Spokane 1 - Phoenix 0 |
| BOTTOM OF THE 1ST |
|
Phoenix Giants batting - Pitching for Spokane Indians : LHP Alberto Argueta
|
|
Pitching: LHP Alberto Argueta
|
|
|
Batting: LHB Bobby V Mitchell
|
0-0: Ball 1-0: Ball 2-0: Ground out 5-3 (Groundball, 56, EV 105.0 MPH)
|
|
Batting: LHB Raymond Rivas
|
0-0: Swinging Strike 0-1: Foul Ball, location: 2F 0-2: Ball 1-2: Ball 2-2: Ball 3-2: Foul Ball, location: 2F 3-2: Strikes out swinging
|
|
Batting: LHB Ernie Riles
|
0-0: Ball 1-0: SINGLE (Line Drive, 7LM, EV 102.5 MPH)
|
|
Batting: SHB John Macauley
|
0-0: Ball 1-0: Fly out, F8 (Flyball, 8LXD, EV 106.9 MPH)
|
| Bottom of the 1st over - 0 runs, 1 hit, 0 errors, 1 left on base; Spokane 1 - Phoenix 0 |
| TOP OF THE 2ND |
|
Spokane Indians batting - Pitching for Phoenix Giants : RHP Phil Huffman
|
|
Batting: RHB John Hanley
|
0-0: Ball 1-0: Called Strike 1-1: Ball 2-1: Foul Ball, location: 2F 2-2: Foul Ball, location: 2F 2-2: Ball 3-2: Strikes out swinging
|
|
Batting: RHB Matthew Tyner
|
0-0: Foul Ball, location: 2F 0-1: Swinging Strike 0-2: Strikes out swinging
|
|
Batting: RHB Cleo Smith
|
0-0: Swinging Strike 0-1: Ball 1-1: Ball 2-1: Fly out, F8 (Flyball, 8RD, EV 90.6 MPH)
|
| Top of the 2nd over - 0 runs, 0 hits, 0 errors, 0 left on base; Spokane 1 - Phoenix 0 |
| BOTTOM OF THE 2ND |
|
Phoenix Giants batting - Pitching for Spokane Indians : LHP Alberto Argueta
|
|
Batting: RHB Paul Zuvella
|
0-0: Called Strike 0-1: Ball 1-1: Fly out, F6 (Popup, 6, EV 51.9 MPH)
|
|
Batting: LHB Joseph Bruno
|
0-0: Called Strike 0-1: Called Strike 0-2: Foul Ball, location: 2F 0-2: Foul Ball, location: 2F 0-2: Strikes out swinging
|
|
Batting: RHB Adam Veldman
|
0-0: Called Strike 0-1: SINGLE (Groundball, 34D, EV 108.8 MPH)
|
|
Batting: SHB Razor Shines
|
0-0: Called Strike 0-1: Foul Ball, location: 2F 0-2: Strikes out swinging
|
| Bottom of the 2nd over - 0 runs, 1 hit, 0 errors, 1 left on base; Spokane 1 - Phoenix 0 |
| TOP OF THE 3RD |
|
Spokane Indians batting - Pitching for Phoenix Giants : RHP Phil Huffman
|
|
Batting: SHB Jose Oquendo
|
0-0: Ball 1-0: SINGLE (Groundball, 4M, EV 103.8 MPH) (infield hit)
|
|
Batting: LHB Stu Pederson
|
0-0: Ball Jose Oquendo is caught stealing 2nd base 2-6 1-0: Ball 2-0: Fly out, F8 (Flyball, 8RXD, EV 101.3 MPH)
|
|
Batting: RHB Tom Watkins
|
0-0: SINGLE (Line Drive, 4D, EV 103.1 MPH)
|
|
Batting: SHB Mark Gillaspie
|
0-0: Ball Tom Watkins is caught stealing 2nd base 2-6
|
| Top of the 3rd over - 0 runs, 2 hits, 0 errors, 0 left on base; Spokane 1 - Phoenix 0 |
| BOTTOM OF THE 3RD |
|
Phoenix Giants batting - Pitching for Spokane Indians : LHP Alberto Argueta
|
|
Batting: LHB Frank Gill
|
0-0: Called Strike 0-1: Foul Ball, location: 2F 0-2: Ball 1-2: Fly out, F7 (Line Drive, 7, EV 108.1 MPH)
|
|
Batting: LHB Bobby V Mitchell
|
0-0: Ball 1-0: Ball 2-0: Ball 3-0: Called Strike 3-1: Base on Balls
|
|
Batting: LHB Raymond Rivas
|
0-0: Ball 1-0: Ball 2-0: Called Strike 2-1: Called Strike 2-2: Ball 3-2: Fielders Choice at 2nd, 5-4 (Groundball, 5L, EV 85.6 MPH)
|
|
Batting: LHB Ernie Riles
|
0-0: Fly out, F8 (Flyball, 8RXD, EV 107.5 MPH)
|
| Bottom of the 3rd over - 0 runs, 0 hits, 0 errors, 1 left on base; Spokane 1 - Phoenix 0 |
| TOP OF THE 4TH |
|
Spokane Indians batting - Pitching for Phoenix Giants : RHP Phil Huffman
|
|
Batting: SHB Mark Gillaspie
|
0-0: Called Strike 0-1: Swinging Strike 0-2: Ball 1-2: Ball 2-2: Strikes out swinging
|
|
Batting: LHB Dave Stockstill
|
0-0: Ball 1-0: Foul Ball, location: 2F 1-1: Called Strike 1-2: Foul Ball, location: 2F 1-2: Foul Ball, location: 2F 1-2: Ball 2-2: SINGLE (Groundball, 6D, EV 95.6 MPH)
|
|
Batting: RHB Craig Landis
|
0-0: Foul Ball, location: 2F 0-1: Ball 1-1: Foul Ball, location: 2F 1-2: Strikes out swinging
|
|
Batting: RHB John Hanley
|
0-0: Ball 1-0: Ball 2-0: Swinging Strike 2-1: Ball 3-1: Base on Balls Dave Stockstill to second
|
|
Batting: RHB Matthew Tyner
|
0-0: Foul Ball, location: 2F 0-1: Ball 1-1: Ground out 4-3 (Groundball, 4, EV 86.3 MPH)
|
| Top of the 4th over - 0 runs, 1 hit, 0 errors, 2 left on base; Spokane 1 - Phoenix 0 |
| BOTTOM OF THE 4TH |
|
Phoenix Giants batting - Pitching for Spokane Indians : LHP Alberto Argueta
|
|
Batting: SHB John Macauley
|
0-0: Ground out 5-3 (Groundball, 56S, EV 83.1 MPH)
|
|
Batting: RHB Paul Zuvella
|
0-0: Ground out 4-3 (Groundball, 4M, EV 93.8 MPH)
|
|
Batting: LHB Joseph Bruno
|
0-0: Called Strike 0-1: Ground out 5-3 (Groundball, 56, EV 106.9 MPH)
|
| Bottom of the 4th over - 0 runs, 0 hits, 0 errors, 0 left on base; Spokane 1 - Phoenix 0 |
| TOP OF THE 5TH |
|
Spokane Indians batting - Pitching for Phoenix Giants : RHP Phil Huffman
|
|
Batting: RHB Cleo Smith
|
0-0: Ball 1-0: Foul Ball, location: 2F 1-1: Ball 2-1: DOUBLE (Line Drive, 89M, EV 95.0 MPH)
|
|
Batting: SHB Jose Oquendo
|
0-0: Bunt missed! 0-1: Bunted foul 0-2: Foul Ball, location: 2F 0-2: Ball 1-2: SINGLE (Line Drive, 8LS, EV 91.3 MPH) Cleo Smith to third Runner from 3rd tries for Home, SAFE, throw by CF to home
|
|
Batting: LHB Stu Pederson
|
0-0: Foul Ball, location: 2F 0-1: Ball 1-1: Reached on error, E2 (Groundball, 15S, EV 70.6 MPH) Jose Oquendo to third
|
|
Batting: RHB Tom Watkins
|
0-0: Ball 1-0: Ball 2-0: Ball 3-0: Called Strike 3-1: Called Strike 3-2: 3-RUN HOME RUN (Flyball, 78XD, EV 96.3 MPH), Distance : 401 ft
|
|
Pitching: RHP Terry Cornutt
|
|
|
Batting: SHB Mark Gillaspie
|
0-0: Ball 1-0: Called Strike 1-1: Ball 2-1: Fly out, F8 (Flyball, 8RD, EV 90.6 MPH)
|
|
Batting: LHB Dave Stockstill
|
0-0: Ball 1-0: Ball 2-0: Called Strike 2-1: Foul Ball, location: 2F 2-2: SINGLE (Line Drive, 56D, EV 100.0 MPH)
|
|
Batting: RHB Craig Landis
|
0-0: Called Strike 0-1: Ball 1-1: Called Strike 1-2: Fielders Choice at 2nd, 6-4 (Groundball, 6, EV 77.5 MPH)
|
|
Batting: RHB John Hanley
|
0-0: Ball 1-0: Called Strike Craig Landis steals 2nd base 1-1: Called Strike 1-2: Foul Ball, location: 2F 1-2: Strikes out looking
|
| Top of the 5th over - 4 runs, 4 hits, 1 error, 1 left on base; Spokane 5 - Phoenix 0 |
| BOTTOM OF THE 5TH |
|
Phoenix Giants batting - Pitching for Spokane Indians : LHP Alberto Argueta
|
|
Batting: RHB Adam Veldman
|
0-0: Called Strike 0-1: Fly out, F8 (Flyball, 8LS, EV 83.8 MPH)
|
|
Batting: SHB Razor Shines
|
0-0: Foul Ball, location: 2F 0-1: Ball 1-1: Called Strike 1-2: Ball 2-2: Foul Ball, location: 2F 2-2: Reached on error, E3 (Groundball, 3S, EV 61.9 MPH)
|
|
Batting: LHB Frank Gill
|
0-0: Foul Ball, location: 2F 0-1: Ball 1-1: SINGLE (Groundball, 34S, EV 65.6 MPH) (infield hit) Razor Shines to second
|
|
Batting: LHB Bobby V Mitchell
|
0-0: Ball 1-0: Ball 2-0: Foul Ball, location: 2F 2-1: SINGLE (Groundball, 4S, EV 63.1 MPH) (infield hit) Razor Shines to third Frank Gill to second
|
|
Batting: LHB Raymond Rivas
|
0-0: Ball 1-0: Ball 2-0: Foul Ball, location: 2F 2-1: Called Strike 2-2: Foul Ball, location: 2F 2-2: Ball 3-2: SINGLE (Line Drive, 89S, EV 93.1 MPH) Razor Shines scores Frank Gill to third Bobby V Mitchell to second Runner from 3rd tries for Home, SAFE, throw by CF to home
|
|
Batting: LHB Ernie Riles
|
0-0: Called Strike 0-1: Swinging Strike 0-2: SINGLE (Groundball, 4MD, EV 93.8 MPH) Bobby V Mitchell to third Raymond Rivas to second Runner from 3rd tries for Home, SAFE, throw by CF to trailing runner, OUT at third! 8-3-5
|
|
Batting: SHB John Macauley
|
0-0: Ball 1-0: Ball 2-0: Fielders Choice at 2nd, 5-4 (Groundball, 5, EV 106.9 MPH)
|
| Bottom of the 5th over - 3 runs, 4 hits, 1 error, 1 left on base; Spokane 5 - Phoenix 3 |
| TOP OF THE 6TH |
|
Spokane Indians batting - Pitching for Phoenix Giants : RHP Terry Cornutt
|
|
Batting: RHB Matthew Tyner
|
0-0: Called Strike 0-1: Ball 1-1: SOLO HOME RUN (Flyball, 78XD, EV 105.0 MPH), Distance : 429 ft
|
|
Batting: RHB Cleo Smith
|
0-0: Ball 1-0: Called Strike 1-1: SINGLE (Groundball, 6MD, EV 104.4 MPH)
|
|
Batting: SHB Jose Oquendo
|
0-0: Ball 1-0: Ball 2-0: Bunted foul 2-1: Bunt missed! 2-2: 2-RUN HOME RUN (Flyball, 89XD, EV 107.5 MPH), Distance : 384 ft
|
|
Pitching: RHP Phillip Welch
|
|
|
Batting: LHB Stu Pederson
|
0-0: Ball 1-0: Ball 2-0: Foul Ball, location: 2F 2-1: Swinging Strike 2-2: Ball 3-2: DOUBLE (Flyball, 8RXD, EV 108.8 MPH)
|
|
Batting: RHB Tom Watkins
|
0-0: Foul Ball, location: 2F 0-1: Fly out, F9 (Flyball, 9D, EV 94.4 MPH) Runner from 2nd tags up, SAFE at 3rd, no throw by RF
|
|
Batting: SHB Mark Gillaspie
|
0-0: Ball 1-0: Ball 2-0: Ball 3-0: Called Strike 3-1: Base on Balls
|
|
Batting: LHB Dave Stockstill
|
0-0: Ball Mark Gillaspie is caught stealing 2nd base 2-6 1-0: Called Strike 1-1: Foul Ball, location: 2F 1-2: Ball 2-2: Foul Ball, location: 2F 2-2: Fly out, F8 (Line Drive, 8LD, EV 91.3 MPH)
|
| Top of the 6th over - 3 runs, 4 hits, 0 errors, 1 left on base; Spokane 8 - Phoenix 3 |
| BOTTOM OF THE 6TH |
|
Phoenix Giants batting - Pitching for Spokane Indians : LHP Alberto Argueta
|
|
Batting: RHB Paul Zuvella
|
0-0: Ball 1-0: Ground out 5-3 (Groundball, 56, EV 90.0 MPH)
|
|
Batting: LHB Joseph Bruno
|
0-0: Ground out 4-3 (Groundball, 13, EV 90.0 MPH)
|
|
Batting: RHB Adam Veldman
|
0-0: DOUBLE (Line Drive, 7LM, EV 107.5 MPH)
|
|
Batting: SHB Razor Shines
|
0-0: Ball 1-0: Ball 2-0: Ball 3-0: Called Strike 3-1: Foul Ball, location: 2F 3-2: SINGLE (Groundball, 4D, EV 94.4 MPH) Adam Veldman to third Adam Veldman scores
|
|
Batting: LHB Frank Gill
|
0-0: Ball 1-0: Fielders Choice at 2nd, 6-4 (Groundball, 6, EV 79.4 MPH)
|
| Bottom of the 6th over - 1 run, 2 hits, 0 errors, 1 left on base; Spokane 8 - Phoenix 4 |
| TOP OF THE 7TH |
|
Spokane Indians batting - Pitching for Phoenix Giants : RHP Phillip Welch
|
|
Batting: RHB Craig Landis
|
0-0: Called Strike 0-1: Ball 1-1: Called Strike 1-2: Ball 2-2: Fly out, F8 (Flyball, 8LS, EV 81.3 MPH)
|
|
Batting: RHB John Hanley
|
0-0: Ball 1-0: Swinging Strike 1-1: Foul Ball, location: 2F 1-2: Foul Ball, location: 2F 1-2: Strikes out swinging
|
|
Batting: RHB Matthew Tyner
|
0-0: Ground out 5-3 (Groundball, 5, EV 106.9 MPH)
|
| Top of the 7th over - 0 runs, 0 hits, 0 errors, 0 left on base; Spokane 8 - Phoenix 4 |
| BOTTOM OF THE 7TH |
|
Phoenix Giants batting - Pitching for Spokane Indians : LHP Alberto Argueta
|
|
Batting: LHB Bobby V Mitchell
|
0-0: Ball 1-0: Ball 2-0: SINGLE (Line Drive, 78M, EV 92.5 MPH)
|
|
Batting: LHB Raymond Rivas
|
0-0: Called Strike 0-1: Foul Ball, location: 2F 0-2: Foul Ball, location: 2F 0-2: Ball 1-2: Fly out, F8 (Flyball, 8RD, EV 98.8 MPH)
|
|
Batting: LHB Ernie Riles
|
0-0: Ball 1-0: Ball 2-0: Foul Ball, location: 2F 2-1: Ball 3-1: Base on Balls Bobby V Mitchell to second
|
|
Batting: SHB John Macauley
|
0-0: Ball 1-0: Grounds into double play, 4-6-3 (Groundball, 4, EV 105.6 MPH)
|
| Bottom of the 7th over - 0 runs, 1 hit, 0 errors, 1 left on base; Spokane 8 - Phoenix 4 |
| TOP OF THE 8TH |
|
Spokane Indians batting - Pitching for Phoenix Giants : RHP Phillip Welch
|
|
Pitching: RHP Enrique Romo
|
|
|
Batting: RHB Cleo Smith
|
0-0: Called Strike 0-1: Ball 1-1: Foul Ball, location: 2F 1-2: Ball 2-2: Strikes out swinging
|
|
Batting: SHB Jose Oquendo
|
0-0: Ball 1-0: Reached on error, E4 (Groundball, 4D, EV 83.1 MPH)
|
|
Batting: LHB Stu Pederson
|
Pickoff Throw to First - Out! 1-3 0-0: Called Strike 0-1: Ball 1-1: Called Strike 1-2: Ball 2-2: Foul Ball, location: 2F 2-2: Foul Ball, location: 2F 2-2: Reached on error, E6 (Line Drive, 6, EV 75.0 MPH)
|
|
Batting: RHB Tom Watkins
|
0-0: Foul Ball, location: 2F 0-1: Ground out 5-3 (Groundball, 56S, EV 69.4 MPH)
|
| Top of the 8th over - 0 runs, 0 hits, 2 errors, 1 left on base; Spokane 8 - Phoenix 4 |
| BOTTOM OF THE 8TH |
|
Phoenix Giants batting - Pitching for Spokane Indians : LHP Alberto Argueta
|
|
Batting: RHB Paul Zuvella
|
0-0: Ball 1-0: Ball 2-0: Swinging Strike 2-1: Foul Ball, location: 2F 2-2: Foul Ball, location: 2F 2-2: DOUBLE (Groundball, 5L, EV 96.3 MPH)
|
|
Batting: LHB Joseph Bruno
|
0-0: Ball 1-0: Ball 2-0: SINGLE (Groundball, 4D, EV 95.6 MPH) Paul Zuvella to third Runner from 3rd tries for Home, SAFE, throw by CF to home
|
|
Batting: RHB Adam Veldman
|
0-0: Ball Wild Pitch! Joseph Bruno to second 1-0: Ball 2-0: Called Strike 2-1: Fly out, F7 (Flyball, 78S, EV 86.9 MPH)
|
|
Batting: SHB Razor Shines
|
0-0: Ground out 6-3 (Groundball, 6, EV 84.4 MPH) Joseph Bruno to third
|
|
Batting: LHB Frank Gill
|
0-0: Ball 1-0: Ball 2-0: Ball 3-0: Called Strike 3-1: Fly out, F2 (Popup, 25F, EV 85.0 MPH)
|
| Bottom of the 8th over - 1 run, 2 hits, 0 errors, 1 left on base; Spokane 8 - Phoenix 5 |
| TOP OF THE 9TH |
|
Spokane Indians batting - Pitching for Phoenix Giants : RHP Enrique Romo
|
|
Pitching: RHP Charles Davis
|
|
|
Batting: SHB Mark Gillaspie
|
0-0: Foul Ball, location: 2F 0-1: Foul Ball, location: 2F 0-2: Ball 1-2: Ball 2-2: Foul Ball, location: 2F 2-2: Ball 3-2: Ground out 4-3 (Groundball, 4, EV 85.6 MPH)
|
|
Batting: LHB Dave Stockstill
|
0-0: Foul Ball, location: 2F 0-1: Foul Ball, location: 2F 0-2: Strikes out swinging
|
|
Batting: RHB Craig Landis
|
0-0: Ball 1-0: Ground out 4-3 (Groundball, 4, EV 100.6 MPH)
|
| Top of the 9th over - 0 runs, 0 hits, 0 errors, 0 left on base; Spokane 8 - Phoenix 5 |
| BOTTOM OF THE 9TH |
|
Phoenix Giants batting - Pitching for Spokane Indians : LHP Alberto Argueta
|
|
Pitching: RHP Albert Williams
|
|
|
Now in RF: John Elder
|
|
|
Batting: LHB Bobby V Mitchell
|
0-0: Fly out, F7 (Line Drive, 7, EV 86.9 MPH)
|
|
Batting: LHB Raymond Rivas
|
0-0: Ball 1-0: Ball 2-0: Called Strike 2-1: SINGLE (Flyball, 5D, EV 95.0 MPH)
|
|
Batting: LHB Ernie Riles
|
0-0: Ball 1-0: Fly out, F7 (Flyball, 7S, EV 82.5 MPH)
|
|
Batting: SHB John Macauley
|
0-0: Ball 1-0: Ball 2-0: Ball 3-0: Called Strike 3-1: Called Strike 3-2: Base on Balls Raymond Rivas to second
|
|
Batting: RHB Paul Zuvella
|
0-0: Ball 1-0: Ball 2-0: SINGLE (Groundball, 56S, EV 68.1 MPH) (infield hit) Raymond Rivas to third John Macauley to second
|
|
Batting: LHB Joseph Bruno
|
0-0: Ball 1-0: Foul Ball, location: 2F 1-1: Called Strike 1-2: Foul Ball, location: 2F 1-2: Strikes out looking
|
| Bottom of the 9th over - 0 runs, 2 hits, 0 errors, 3 left on base; Spokane 8 - Phoenix 5 |
|